 Dungeon Crawl Stone Soup version 0.26-a0-800-g517d6fe721 (webtiles) character file.

Game seed: 5280544057758122555

2734 Decritt the Chopper (level 9, 0/81 HPs)
             Began as a Minotaur Fighter on Nov 11, 2020.
             Was a Believer of Ru.
             Slain by a water moccasin (2 damage)
             ... on level 10 of the Dungeon.
             The game lasted 00:16:30 (6545 turns).

Decritt the Chopper (Minotaur Fighter)              Turns: 6545, Time: 00:16:31

Health: 0/81       AC: 10    Str: 26    XL:     9   Next: 40%
Magic:  0/8        EV:  8    Int:  5    God:    Ru [**....]
Gold:   384        SH: 12    Dex: 17    Spells: 8/8 levels left

rFire    . . .     SeeInvis .   E - +10 falchion of Interdependent Arising {flame, Str+3}
rCold    . . .     Faith    .   c - +0 kite shield
rNeg     . . .     Spirit   +   b - +0 scale mail
rPois    +         Reflect  .   (helmet restricted)
rElec    .         Harm     .   (no cloak)
rCorr    .         Rampage  .   h - +0 pair of gloves
MR       .....                  q - +0 pair of boots
Stlth    ..........             B - amulet of guardian spirit
HPRegen  0.23/turn              F - +6 ring of dexterity
MPRegen  0.11/turn              z - ring of poison resistance

@: no status effects
A: retaliatory headbutt, horns 2, no stealth, no poison magic, no summoning
magic, no transmutations magic
a: Renounce Religion


You were on level 10 of the Dungeon.
You worshipped Ru.
Ru was pleased with you.
You visited 1 branch of the dungeon, and saw 8 of its levels.

You collected 384 gold pieces.

Inventory:

Hand Weapons
 a - a +0 war axe
 E - the +10 falchion of Interdependent Arising (weapon) {flame, Str+3}
   (You found it on level 6 of the Dungeon)

   It has been specially enchanted to burn those struck by it, causing extra
   injury to most foes and up to half again as much damage against particularly
   susceptible opponents.
   Big, fiery blades are also staple armaments of hydra-hunters.
   It affects your strength (+3).
Armour
 b - a +0 scale mail (worn)
 c - a +0 kite shield (worn)
 h - a +0 pair of gloves (worn)
 q - a +0 pair of boots (worn)
Jewellery
 x - an uncursed ring of ice
 z - a ring of poison resistance (right hand)
 B - an amulet of guardian spirit (around neck)
 F - a +6 ring of dexterity (left hand)
Wands
 o - a wand of flame (30)
 r - a wand of acid (12)
 v - a wand of digging (4)
 A - a wand of polymorph (4)
Scrolls
 e - 2 scrolls of enchant weapon {unknown}
 f - 3 scrolls of fear
 k - a scroll of amnesia {unknown}
 l - 3 scrolls of immolation
 m - 3 scrolls of magic mapping
 n - a scroll of enchant armour {unknown}
 p - 3 scrolls of teleportation
 s - 2 scrolls of random uselessness {unknown}
 y - a scroll of fog {unknown}
 D - a scroll of remove curse {unknown}
Potions
 d - 5 potions of might
 g - a potion of attraction {unknown}
 i - 2 potions of curing
 j - a potion of berserk rage {unknown}
 t - a potion of mutation {unknown}
 u - a potion of cancellation
 w - 3 potions of lignification
 C - 2 potions of resistance
 G - a potion of brilliance {unknown}


   Skills:
 + Level 7.8 Fighting
 * Level 6.0 Long Blades
 - Level 7.9 Axes
 + Level 7.9 Armour
 + Level 7.8 Shields


You had 8 spell levels left.
You didn't know any spells.
Your spell library contained the following spells:

 Spells                   Type           Power        Failure   Level
 Magic Dart               Conj           #...         95%         1
 Blink                    Tloc           N/A          99%         2
 Slow                     Hex            #.......     99%         2
 Conjure Flame            Conj/Fire      #.......     100%        3
 Call Imp                 Summ           Unusable     N/A         2
 Mephitic Cloud           Conj/Pois/Air  Unusable     N/A         3

Dungeon Overview and Level Annotations

Branches:
Dungeon (7/15)             Temple (0/1) D:5

Altars:
Elyvilon
Okawaru
Ru
Uskayaw
Yredelemnul

Shops:
D:6 *

Annotations:
D:6 1 runed translucent door, Necrophagist's ghost, novice FoFi
D:7 2 transporters


Innate Abilities, Weirdness & Mutations

You reflexively headbutt those who attack you in melee.
You have a pair of horns on your head.
You cannot be stealthy.
You cannot study or cast Poison magic.
You cannot study or cast Summoning magic.
You cannot study or cast Transmutations magic.


Message History

The water moccasin is severely wounded.
The water moccasin is stunned by your will and fails to attack.
You block the water moccasin's attack.
You closely miss the water moccasin.
Your headbutt misses the water moccasin.
The water moccasin is severely wounded.
The water moccasin bites you!
* * * LOW HITPOINT WARNING * * *
You slash the water moccasin! You burn the water moccasin.
You kill the water moccasin!
Your Long Blades skill increases to level 6!
The water moccasin bites you but does no damage.
You slash the water moccasin! You burn the water moccasin.
The water moccasin is heavily wounded.
The water moccasin barely misses you. You furiously retaliate!
You headbutt the water moccasin.
You redirect the centaur's attack!
The centaur shoots an arrow.
The arrow hits the centaur.
The water moccasin bites you.
You die...

.......... ....#...
#...#.##### ..#.....?...#
#.#†........# #####
#.#....Y....###≈≈.## ##
###.#..(lcl...##≈≈...#...
#........#S######≈[....(.#
#.###...[#@# ##≈....#.##
#...##.# #≈....## #
##.###.# #≈.#### #.# #.#
#≈[.## #.###.# #≈...##
#..##.# ##...≈# ##.##.#
##[.≈# #..#.# ####.≈#
##.#.#####....≈#


You could see a yak, a basilisk, a water moccasin, a wyvern and a centaur.

Vanquished Creatures
  2 wyverns (D:10)
  3 steam dragons (D:10)
  2 water moccasins (D:10)
  An orc warrior (D:6)
  An ice beast (D:7)
  A sky beast (D:5)
  3 ogres
  2 phantoms
  A centaur (D:7)
  3 bullfrogs
  3 wights (D:6)
  An orc priest (D:6)
  3 hounds
  5 orc wizards
  A bullfrog skeleton (D:7)
  3 iguanas
  3 worker ants
  A hound zombie (D:5)
  2 worker ant zombies
  A howler monkey skeleton (D:4)
  4 gnolls (D:5)
  8 adders
  4 shadow imps
  An ufetubus (D:7)
  An adder skeleton (D:4)
  4 worms
  2 dart slugs
  2 leopard geckos
  13 orcs
  6 bats
  7 giant cockroaches
  9 goblins
  6 hobgoblins
  12 jackals
  6 kobolds
  4 quokkas
  4 ball pythons
  4 frilled lizards
  A leopard gecko skeleton (D:4)
  2 quokka skeletons (D:4)
  A quokka zombie (D:5)
  9 rats
152 creatures vanquished.

Vanquished Creatures (others)
  8 plants (D:10)
8 creatures vanquished.

Grand Total: 160 creatures vanquished

Notes
Turn   | Place    | Note
-------+----------+-------------------------------------------
     0 | D:1      | Decritt the Minotaur Fighter began the quest for the Orb.
     0 | D:1      | Reached XP level 1. HP: 19/19 MP: 0/0
     9 | D:1      | Noticed a centaur
   106 | D:1      | Reached XP level 2. HP: 27/27 MP: 1/1
   454 | D:1      | Reached XP level 3. HP: 32/33 MP: 2/2
   783 | D:2      | Found an iron altar of Okawaru.
  1286 | D:2      | Found a sacrificial altar of Ru.
  1292 | D:2      | Became a worshipper of Ru the Awakened
  1314 | D:2      | Found a faded altar of an unknown god.
  1555 | D:2      | Reached XP level 4. HP: 40/40 MP: 3/3
  1668 | D:3      | Found a hide-covered altar of Uskayaw.
  1815 | D:3      | Found a basalt altar of Yredelemnul.
  1867 | D:3      | Found a white marble altar of Elyvilon.
  2495 | D:4      | Gained mutation: You cannot be stealthy. [Ru sacrifice]
  2527 | D:4      | Reached XP level 5. HP: 38/47 MP: 4/4
  3222 | D:4      | Noticed a phantom
  3238 | D:4      | Killed a phantom
  3238 | D:4      | Reached skill level 5 in Axes
  3238 | D:4      | Reached XP level 6. HP: 40/55 MP: 5/5
  3329 | D:4      | Reached skill level 5 in Armour
  3673 | D:5      | Entered Level 5 of the Dungeon
  3680 | D:5      | Reached skill level 5 in Fighting
  3694 | D:5      | Reached skill level 5 in Shields
  3926 | D:5      | Reached XP level 7. HP: 22/61 MP: 6/6
  4269 | D:5      | Found a staircase to the Ecumenical Temple.
  4699 | D:6      | Found a runed translucent door.
  4699 | D:6      | Noticed Necrophagist's ghost (novice FoFi)
  4737 | D:6      | Reached XP level 8. HP: 48/70 MP: 4/7
  4903 | D:6      | Found Leiwk's Assorted Antiques.
  4962 | D:6      | Gained mutation: You cannot study or cast Poison magic. [Ru
                  | sacrifice]
  4962 | D:6      | Gained mutation: You cannot study or cast Transmutations
                  | magic. [Ru sacrifice]
  4962 | D:6      | Gained mutation: You cannot study or cast Summoning magic.
                  | [Ru sacrifice]
  4962 | D:6      | Reached * piety under Ru
  4962 | D:6      | Reached ** piety under Ru
  5201 | D:6      | Got a jewelled falchion
  5201 | D:6      | Identified the +10 falchion of Interdependent Arising
                  | {flame, Str+3} (You found it on level 6 of the Dungeon)
  5333 | D:6      | Reached skill level 1 in Long Blades
  5465 | D:6      | Identified the +5 halberd of Power {antimagic, MP-9 Str+4
                  | Int+3 Dex+9} (You found it on level 6 of the Dungeon)
  5700 | D:7      | Found a transporter.
  5700 | D:7      | Noticed a fire crab
  5714 | D:7      | Found a transporter.
  5975 | D:7      | You fall into a shaft and drop 3 floors!
  5975 | D:10     | Entered Level 10 of the Dungeon
  5981 | D:10     | Reached XP level 9. HP: 68/79 MP: 8/8
  6505 | D:10     | Reached skill level 5 in Long Blades
  6543 | D:10     | HP: 2/80 [water moccasin (7)]
  6545 | D:10     | Slain by a water moccasin

Illustrated notes

Levels and vault maps discovered:
D:1:      evilmike_arrival_come_back, layout_rooms, columned_hall_lemuel,
          minmay_misc_feat_ornament
D:2:      layout_basic, lemuel_crystal_altar,
          chequers_ecumenical_altar_simple_redux, kennysheep_okawaru_gauntlet
D:3:      layout_basic, kennysheep_ying_yang, lemuel_crystal_altar
D:4:      layout_layer_cave, hangedman_abyss_or_decor_stabs
D:5:      layout_rooms, minmay_temple_entry_mist
D:6:      layout_loops_cross, serial_shops, shop, hellmonk_ghost_happy_afterlife
D:7:      layout_loops_ring, gammafunk_temple_overflow_arena,
          kennysheep_generic_room_3, uniq_crazy_yiuf_cottage
D:10:     cheibrodos_steamvent, layout_basic, minmay_lair_entry_grove,
          minmay_orc_entry_temple_small, serial_shops, shop, guppyfry_shop_venom

Skill      XL: |  1  2  3  4  5  6  7  8  9 |
---------------+----------------------------+-----
Axes           | 3 4 5 6 7 |  7.9
Armour         | 4 5 6 7 |  7.9
Shields        | 4 5 6 7 |  7.8
Fighting       | 4 5 6 7 |  7.8
Long Blades    | 4 6 |  6.0

Action                   |  1- 3 |  4- 6 |  7- 9 || total
-------------------------+-------+-------+-------++-------
Melee: War axe           |   101 |   134 |   107 ||   342
       Headbutt          |    12 |    20 |    30 ||    62
       Falchion          |       |       |    57 ||    57
Invok: Sacrifice Stealth |       |     1 |       ||     1
       Sacrifice Arcana  |       |       |     1 ||     1
Evoke: Wand              |       |       |     2 ||     2
  Use: Scroll            |       |     5 |     5 ||    10
Armor: Scale mail        |    50 |    58 |    79 ||   187
Dodge: Dodged            |    38 |    37 |    50 ||   125
Block: Kite shield       |    62 |    75 |    90 ||   227
       Rpst.: Falchion   |       |       |    11 ||    11

Table legend: (Time is in decaauts)
 A = Elapsed time spent in this place.
 B = Non-inter-level travel time spent in this place.
 C = Inter-level travel time spent in this place.
 D = Time resting spent in this place.
 E = Time spent auto-exploring this place.
 F = Levels seen in this place.
 G = Mean time per level.
                   A        B        C        D        E       F      G
               +--------+--------+--------+--------+--------+-----+--------+
         Total |   6662 |   6537 |    125 |    453 |   5005 |   8 |  832.8 |
       Dungeon |   6662 |   6537 |    125 |    453 |   5005 |   8 |  832.8 |
               +--------+--------+--------+--------+--------+-----+--------+

Top non-repeatable levels by time:
     D:4: 1304 daAuts
     D:5: 1051 daAuts
     D:6: 979 daAuts
     D:2: 956 daAuts
     D:1: 747 daAuts
     D:3: 737 daAuts
    D:10: 573 daAuts
     D:7: 312 daAuts
